AoeStats
← Carmelo maradona

African Clearing

510453304Analyzed
4v4 RM · 23h ago on Oct 1, 2026· 76m 9s· 8 players
Game mode
Random Map
Map size
Large (8 player)
Population
200
Speed
Normal
Resources
Standard
Victory
Conquest
Starting age
Dark Age
Ending age
Imperial Age
RankedLock teamsTeams togetherTeam positionsShared explorationLock speedFull tech treeHidden civsTurbo modeCheats
Victory
Defeat
🇹🇼 Berbers · Taiwan
1333
+17
🇨🇳 Hindustanis · China
1319
+18
🇺🇸 Khmer · United States
1305
+18
🇨🇳 Spanish · China
1263
+20
🇨🇴 Khitans · Colombia
1433
-22
🇨🇴 Japanese · Colombia
1367
-19
🇦🇷 Magyars · Argentina
1309
-16
🇦🇷 Vietnamese · Argentina
1300
-16
IAMDAGG
11:48 Loom
14:26 Feudal Age
19:52 Castle Age
19:30 Double-Bit Axe
26:03 Horse Collar
32:50 Elite Skirmisher
35:42 Fletching
37:07 Wheelbarrow
36:21 Town Watch
38:12 Heavy Plow
38:47 Gold Mining
42:45 Imperial Age
41:34 Light Cavalry
42:22 Scale Barding Armor
42:27 Forging
42:36 Bloodlines
42:27 Husbandry
43:01 Bow Saw
43:38 Hand Cart
43:24 Town Patrol
43:48 Chain Barding Armor
42:52 Hussar
45:23 Gold Shaft Mining
45:01 Redemption
46:00 Plate Barding Armor
46:01 Iron Casting
45:46 Cavalier
48:44 Stone Mining
49:08 Heavy Camel Rider
57:36 Maghrebi Camels
57:57 Conscription
70:00 Thumb Ring
70:35 Bodkin Arrow
70:41 Padded Archer Armor
71:42 Blast Furnace
77:30 Chemistry
76:33 Bracer
76:49 Leather Archer Armor
_XD_XiaoXiao
6:06 Loom
14:40 Feudal Age
18:15 Castle Age
16:02 Double-Bit Axe
16:43 Stone Mining
16:49 Horse Collar
19:25 Bow Saw
20:25 Wheelbarrow
22:11 Town Watch
26:51 Padded Archer Armor
29:12 Husbandry
30:55 Bloodlines
31:49 Gold Mining
32:09 Fletching
33:05 Leather Archer Armor
47:55 Imperial Age
49:24 Ring Archer Armor
49:19 Conscription
50:13 Ballistics
50:54 Chemistry
50:49 Masonry
52:01 Scale Barding Armor
52:07 Forging
51:25 Cavalier
53:23 Chain Barding Armor
54:09 Iron Casting
52:56 Paladin
55:58 Plate Barding Armor
61:40 Light Cavalry
63:10 Plate Barding Armor
63:52 Blast Furnace
63:18 Heavy Plow
66:49 Hussar
69:01 Hand Cart
825889483
6:23 Loom
11:41 Feudal Age
14:48 Scale Barding Armor
16:45 Bloodlines
24:26 Castle Age
22:43 Double-Bit Axe
25:11 Husbandry
25:14 Light Cavalry
30:53 Forging
31:27 Wheelbarrow
31:35 Gold Mining
36:39 Chain Barding Armor
44:00 Horse Collar
48:25 Imperial Age
46:56 Town Watch
49:44 Gold Shaft Mining
49:49 Iron Casting
48:44 Heavy Camel Rider
56:07 Plate Barding Armor
56:33 Blast Furnace
56:49 Stone Mining
58:24 Imperial Camel Rider
62:47 Blast Furnace
64:43 Hussar
66:29 Conscription
73:40 Scale Mail Armor
bailey
12:17 Loom
14:03 Feudal Age
17:41 Castle Age
16:01 Double-Bit Axe
16:37 Horse Collar
17:11 Stone Mining
27:36 Elite Skirmisher
29:20 Heavy Plow
30:52 Bow Saw
30:35 Gold Mining
31:56 Fletching
35:28 Imperial Age
33:25 Bodkin Arrow
33:31 Padded Archer Armor
34:11 Scale Barding Armor
34:55 Gold Shaft Mining
35:35 Ballistics
36:52 Wheelbarrow
36:03 Town Watch
37:21 Chemistry
36:44 Conscription
36:03 Elite Ballista Elephant
37:23 Double Crossbow
38:14 Crop Rotation
38:22 Stone Shaft Mining
39:10 Bracer
39:11 Scale Mail Armor
39:37 Chain Barding Armor
45:26 Hoardings
46:51 Plate Barding Armor
46:16 Scale Mail Armor
46:27 Forging
46:32 Leather Archer Armor
46:25 Siege Engineers
46:19 Capped Ram
51:13 Hand Cart
52:20 Masonry
52:06 Murder Holes
51:36 Siege Ram
52:39 Tusk Swords
60:24 Caravan
75:31 Husbandry
75:42 Bloodlines
Specialist
4:58 Loom
12:42 Feudal Age
13:42 Double-Bit Axe
19:01 Castle Age
28:04 Scale Mail Armor
30:13 Forging
30:13 Arson
31:46 Bow Saw
33:14 Chain Mail Armor
33:54 Squires
35:12 Iron Casting
42:41 Imperial Age
42:48 Fletching
43:41 Gold Mining
43:57 Bodkin Arrow
44:02 Padded Archer Armor
45:12 Wheelbarrow
46:29 Gold Shaft Mining
46:32 Leather Archer Armor
46:45 Onager
48:48 Bracer
50:00 Hand Cart
50:33 Conscription
50:35 Horse Collar
50:58 Stone Mining
51:52 Heavy Plow
53:47 Parthian Tactics
54:51 Chemistry
54:58 Thumb Ring
55:25 Ring Archer Armor
55:19 Ballistics
55:55 Siege Engineers
55:59 Heavy Cavalry Archer
57:12 Town Watch
57:53 Scale Barding Armor
60:46 Two-Man Saw
61:15 Capped Ram
65:29 Yasama
Carmelo maradona
10:34 Loom
12:20 Feudal Age
13:21 Double-Bit Axe
15:42 Forging
16:50 Scale Barding Armor
24:56 Castle Age
26:23 Iron Casting
26:16 Light Cavalry
35:06 Wheelbarrow
34:44 Husbandry
36:28 Chain Barding Armor
41:57 Imperial Age
43:15 Plate Barding Armor
42:04 Heavy Camel Rider
64:15 Pikeman
69:09 Hand Cart
69:21 Arson
69:37 Squires
69:22 Gambesons
JAGR | GastonWick
12:06 Loom
13:55 Feudal Age
15:35 Double-Bit Axe
20:12 Castle Age
18:31 Fletching
18:41 Padded Archer Armor
19:52 Bloodlines
20:08 Gold Mining
20:09 Fishing Lines
21:21 Bow Saw
21:55 Gillnets
25:24 Bodkin Arrow
30:24 Leather Archer Armor
32:43 Scale Barding Armor
33:38 Wheelbarrow
33:52 Chain Barding Armor
35:50 Horse Collar
37:13 Gold Shaft Mining
36:29 Stone Mining
37:05 Thumb Ring
37:59 Heavy Plow
38:48 Hand Cart
43:23 Imperial Age
41:35 Town Watch
44:59 Plate Barding Armor
45:00 Conscription
44:51 Elite Magyar Huszar
45:51 Bracer
46:56 Husbandry
46:16 Light Cavalry
47:54 Hussar
52:02 Two-Man Saw
51:35 Crop Rotation
55:56 Ballistics
55:32 Murder Holes
56:38 Chemistry
55:19 Heavy Cavalry Archer
56:24 Parthian Tactics
56:01 Recurve Bow
57:44 Ring Archer Armor
57:23 Siege Engineers
57:28 Masonry
JAGR fran
13:43 Feudal Age
15:43 Loom
17:59 Castle Age
16:15 Double-Bit Axe
20:05 Bow Saw
20:16 Fletching
24:30 Elite Skirmisher
27:40 Padded Archer Armor
30:04 Leather Archer Armor
32:51 Bodkin Arrow
35:48 Wheelbarrow
38:50 Ballistics
41:45 Imperial Age
42:27 Bracer
43:32 Chemistry
44:25 Ring Archer Armor
43:34 Imperial Skirmisher
45:33 Paper Money
46:55 Thumb Ring
49:11 Elite Rattan Archer
50:33 Forging
51:19 Scale Barding Armor
52:05 Hoardings
52:05 Hoardings
52:41 Iron Casting
52:25 Horse Collar
53:39 Chain Barding Armor
53:54 Bloodlines
53:44 Husbandry
55:02 Elite Battle Elephant
56:29 Husbandry
59:12 Town Watch
59:52 Chatras
63:37 Plate Barding Armor
64:58 Light Cavalry
67:15 Hand Cart
67:00 Town Patrol
71:37 Gold Mining
71:38 Stone Mining
Connection lost

Rejoining the realm…

Still unreachable

The connection could not be restored.

Session expired

The server has moved on; the page needs a fresh start.